 Dungeon Crawl Stone Soup version 0.26-a0-859-gf57989e088 (webtiles) character file.

Game seed: 7528175299975265111

791 EWolf27 the Ruffian (level 7, 0/70 HPs)
             Began as a Troll Fighter on Nov 25, 2020.
             Was a Follower of Makhleb.
             Killed from afar by an orc wizard (3 damage)
             ... with a magic dart
             ... on level 5 of the Dungeon.
             The game lasted 00:16:31 (4803 turns).

EWolf27 the Ruffian (Troll Fighter)                 Turns: 4803, Time: 00:16:31

Health: 0/70       AC:  6    Str: 25    XL:     7   Next: 57%
Magic:  6/6        EV:  9    Int:  5    God:    Makhleb [*.....]
Gold:   211        SH:  9    Dex: 10    Spells: 6/6 levels left

rFire    . . .     SeeInvis .     - Unarmed
rCold    . . .     Faith    .   b - +0 kite shield
rNeg     . . .     Spirit   .   a - +0 robe
rPois    .         Reflect  .   (helmet restricted)
rElec    .         Harm     .   (no cloak)
rCorr    +         Rampage  .   (gloves unavailable)
MR       .....                  (boots unavailable)
Stlth    +.........             (no amulet)
HPRegen  0.61/turn              u - ring of resist corrosion
MPRegen  0.10/turn              (no ring)

@: lethally poisoned (0 -> 0)
A: large, unfitting armour, claws 3, regeneration 1, shaggy fur 1, tough skin 3
a: Renounce Religion


You were on level 5 of the Dungeon.
You worshipped Makhleb.
Makhleb was aware of your devotion.
You visited 1 branch of the dungeon, and saw 5 of its levels.

You collected 211 gold pieces.

Inventory:

Hand Weapons
 j - a +0 mace
Missiles
 d - 21 poisoned darts (quivered)
Armour
 a - a +0 robe (worn)
 b - a +0 kite shield (worn)
Jewellery
 u - a ring of resist corrosion (left claw)
Scrolls
 e - 3 scrolls of enchant armour
 f - 2 scrolls of fear {unknown}
 g - 2 scrolls of identify
 h - a scroll of amnesia {unknown}
 i - a scroll of noise {unknown}
 l - a scroll of enchant weapon {unknown}
 q - a scroll of remove curse
 v - 2 scrolls of teleportation {unknown}
 w - a scroll of blinking {unknown}
Potions
 c - a potion of might
 k - 2 potions of flight
 m - a potion of mutation
 o - a potion of brilliance
 p - 2 potions of attraction
 r - a potion of haste
 s - a potion of curing {unknown}
 t - a potion of lignification {unknown}


   Skills:
 + Level 4.3 Fighting
 - Level 4.0 Dodging
 + Level 4.3 Shields
 + Level 4.7 Unarmed Combat


You had 6 spell levels left.
You didn't know any spells.
Your spell library was empty.

Dungeon Overview and Level Annotations

Branches:
Dungeon (5/15)             Temple (0/1) D:5

Altars:
Fedhas
Hepliaklqana
Kikubaaqudgha
Makhleb
Okawaru
Ru
Vehumet
Wu Jian
Xom
Yredelemnul

Shops:
D:5 }


Innate Abilities, Weirdness & Mutations

You are too large for most types of armour.
You have claws for hands.
Your natural rate of healing is unusually fast.
You are covered in fur. (AC +1)
You have extremely tough skin. (AC +3)


Message History

You completely miss the orc wizard.
The orc wizard is almost dead.
The orc wizard hits you with a +0 dagger of venom.
You are poisoned.
The orc hits you with a +0 club.
The orc priest mumbles some strange prayers to Beogh against you.
Beogh smites you!
The orc priest calls down the wrath of Beogh upon you.
Beogh smites you!
The orc hits you from afar with a +0 trident!
* * * LOW HITPOINT WARNING * * *
You feel sick.
The orc priest calls down the wrath of Beogh upon you.
Beogh smites you!
* * * LOW HITPOINT WARNING * * *
You hear a shout!
You feel sick. The orc wizard casts a spell at you. The magic dart hits you.
You die...

######################
......ooo.@.(...†....#
#....o.#############.#
#...o.. #.# ....###
#.# ... #.# $. #.# .
#.# #.# #.#


You could see an orc priest, an orc wizard and 2 orcs.

Vanquished Creatures
  Sigmund (D:2)
  A hound (D:5)
  Crazy Yiuf (D:2)
  3 orc priests (D:4)
  3 orc wizards (D:4)
  A bullfrog skeleton (D:4)
  4 iguanas
  Terence (D:2)
  3 worker ants
  A worker ant zombie (D:4)
  6 adders
  A shadow imp (D:5)
  3 oozes
  An adder zombie (D:5)
  An adder skeleton (D:4)
  A worm (D:2)
  2 dart slugs
  6 leopard geckos
  7 orcs
  12 bats
  3 giant cockroaches
  7 goblins
  8 hobgoblins
  3 quokkas
  2 ball pythons
  5 frilled lizards
  A jackal skeleton (D:4)
  6 kobolds
  2 rats
96 creatures vanquished.

Notes
Turn   | Place    | Note
-------+----------+-------------------------------------------
     0 | D:1      | EWolf27 the Troll Fighter began the quest for the Orb.
     0 | D:1      | Reached XP level 1. HP: 22/22 MP: 0/0
    77 | D:1      | Reached XP level 2. HP: 29/29 MP: 1/1
   483 | D:1      | Reached XP level 3. HP: 32/36 MP: 2/2
   612 | D:2      | Noticed Sigmund
   625 | D:2      | Killed Sigmund
   626 | D:2      | Reached XP level 4. HP: 44/45 MP: 3/3
   626 | D:2      | Reached XP level 5. HP: 52/53 MP: 4/4
   772 | D:2      | Found a runed translucent door.
   773 | D:2      | Noticed Crazy Yiuf
   780 | D:2      | Killed Crazy Yiuf
   874 | D:2      | Found a shimmering altar of Xom.
  1057 | D:2      | Found a radiant altar of Vehumet.
  1070 | D:2      | Found a burning altar of Makhleb.
  1323 | D:2      | Noticed Terence
  1340 | D:2      | Killed Terence
  1530 | D:2      | Became a worshipper of Makhleb the Destroyer
  1581 | D:3      | Found a basalt altar of Yredelemnul.
  1581 | D:3      | Found a sacrificial altar of Ru.
  1639 | D:3      | Reached XP level 6. HP: 61/61 MP: 5/5
  2258 | D:3      | Found an iron altar of Okawaru.
  2838 | D:4      | Reached * piety under Makhleb
  2971 | D:4      | Found a hazy altar of Hepliaklqana.
  3397 | D:4      | Reached XP level 7. HP: 47/68 MP: 6/6
  4209 | D:5      | Entered Level 5 of the Dungeon
  4249 | D:5      | Found an ancient bone altar of Kikubaaqudgha.
  4360 | D:5      | Found an ornate altar of the Wu Jian Council.
  4397 | D:5      | Found Ememuef's Gadget Boutique.
  4408 | D:5      | Found a staircase to the Ecumenical Temple.
  4515 | D:5      | Found a blossoming altar of Fedhas.
  4801 | D:5      | HP: 3/70 [orc priest/divine providence (12)]
  4803 | D:5      | Killed from afar by an orc wizard

Illustrated notes

Levels and vault maps discovered:
D:1:      wander_arrival_peaceful_grave, layout_rooms, minmay_misc_feat_hallway
D:2:      layout_basic, amethyst_overflow_temple_binary, lemuel_crystal_altar,
          minmay_misc_feat_more_columns, minmay_hexomino_u4,
          uniq_crazy_yiuf_cottage, uniq_sigmund, uniq_terence
D:3:      minmay_door_path, layout_basic, okawaru_gym_becter,
          gammafunk_temple_overflow_wave
D:4:      layout_gridville, kennysheep_mini, chequers_decorated_corner,
          bh_walls_and_bars
D:5:      layout_basic, kiku_gazebo_pond_becter, marbit_many_paths,
          kennysheep_mini_moat, minmay_temple_entry_trees, serial_shops,
          kennysheep_little_box

Skill      XL: |  1  2  3  4  5  6  7 |
---------------+----------------------+-----
Fighting       | 3 4 |  4.3
Dodging        | 3 4 |  4.0
Shields        | 3 4 |  4.3
Unarmed Combat | 3 4 |  4.7

Action                   |  1- 3 |  4- 6 |  7- 9 || total
-------------------------+-------+-------+-------++-------
Melee: Unarmed           |    80 |   152 |    77 ||   309
  Use: Scroll            |       |    10 |     2 ||    12
 Stab: Sleeping          |     1 |     1 |     1 ||     3
Armor: Robe              |    38 |    44 |    20 ||   102
Dodge: Dodged            |    27 |    40 |    25 ||    92
Block: Kite shield       |    50 |    69 |    49 ||   168

Table legend: (Time is in decaauts)
 A = Elapsed time spent in this place.
 B = Non-inter-level travel time spent in this place.
 C = Inter-level travel time spent in this place.
 D = Time resting spent in this place.
 E = Time spent auto-exploring this place.
 F = Levels seen in this place.
 G = Mean time per level.
                   A        B        C        D        E       F      G
               +--------+--------+--------+--------+--------+-----+--------+
         Total |   4805 |   4657 |    148 |    886 |   2177 |   5 |  961.0 |
       Dungeon |   4805 |   4657 |    148 |    886 |   2177 |   5 |  961.0 |
               +--------+--------+--------+--------+--------+-----+--------+

Top non-repeatable levels by time:
     D:4: 1752 daAuts
     D:2: 988 daAuts
     D:3: 875 daAuts
     D:1: 598 daAuts
     D:5: 590 daAuts
